 Dungeon Crawl Stone Soup version 0.30.1-4-g462c640d31 (webtiles) character file.

Game seed: 9471070786222627266

128345 HagarQim the Sorcerer (level 16, -5/90 HPs)
             Began as a Deep Elf Ice Elementalist on Aug 19, 2023.
             Was a High Priest of Sif Muna.
             Drowned by a quicksilver ooze (9 damage)
             ... summoned by an orange crystal statue
             ... in an ice cave on Aug 23, 2023.
             The game lasted 04:33:05 (37273 turns).

HagarQim the Sorcerer (Deep Elf Ice Elementalist)  Turns: 37273, Time: 04:33:06

Health: -5/90      AC: 21    Str: 10    XL:     16   Next: 48%
Magic:  31/44      EV: 21    Int: 27    God:    Sif Muna [*****.]
Gold:   1417       SH:  0    Dex: 15    Spells: 9/59 levels left

rFire   + . .        S - +12 pair of quick blades "Gyre" and "Gimble" {protect}
rCold   . . .        (shield currently unavailable)
rNeg    . . .        U - +2 robe of the Shining One's Envy {Rampage rCorr Dex+2}
rPois   .            s - +2 hat
rElec   .            Y - +1 cloak
rCorr   +            T - +2 pair of gloves {Str+3}
SInv    .            w - +2 pair of boots
Will    +....        y - amulet of regeneration
Stlth   +++          E - +5 ring of evasion
HPRegen 1.15/turn    J - ring of wizardry
MPRegen 0.29/turn

%: rampage, wizardry (x1)
@: engulfed (cannot breathe), under a protective aura, hasted, very quick
A: clumsy 1, fire resistance 1, mutation resistance 1
a: Renounce Religion, Channel Magic, Forget Spell, Divine Exegesis


You were in an ice cave.
You worshipped Sif Muna.
Sif Muna was extremely pleased with you.
You visited 5 branches of the dungeon, and saw 26 of its levels.
You visited 1 bazaar.
You also visited: Ice Cave.

You collected 2692 gold pieces.
You spent 1275 gold pieces at shops.

Inventory:

Hand Weapons
 h - a +4 dagger of electrocution
 S - the +12 pair of quick blades "Gyre" and "Gimble" (weapon) {protect}
   (You bought it in a shop on level 2 of the Orcish Mines)
Armour
 k - the +3 warlock's mirror {omnireflect}
   (You found it on level 14 of the Dungeon)

   Omnireflect: It can block and reflect piercing ranged attacks and magical
   attacks against the wielder's willpower.
 s - a +2 hat (worn)
 w - a +2 pair of boots (worn)
 D - a +2 buckler of cold resistance
 G - +2 ice dragon scales
 Q - a +0 robe of positive energy
 T - a +2 pair of gloves of strength (worn)
 U - the +2 robe of the Shining One's Envy (worn) {Rampage rCorr Dex+2}
   (You found it on level 13 of the Dungeon)

   Dex:       It affects your dexterity (+2).
   rCorr:     It protects you from acid and corrosion.
   Rampage:   It bestows one free step when moving towards enemies.
 Y - a +1 cloak (worn)
Magical Staves
 q - a staff of conjuration
 Z - the staff of air "Japicig" {rElec rC- rN++ Dex+3 Stlth+}
   (You found it on level 5 of the Lair of Beasts)

   [staff of air]

   Base accuracy: +5 Base damage: 5 Base attack delay: 1.2 This weapon's minimum
   attack delay (0.6) is reached at skill level 12.
   Dex:       It affects your dexterity (+3).
   rC:        It makes you vulnerable to cold.
   rElec:     It insulates you from electricity.
   rN:        It greatly protects you from negative energy.
   Stlth:     It makes you more stealthy.
   It falls into the 'Staves' category.
   It is a one-handed weapon.
Jewellery
 r - a ring of resist corrosion
 y - an amulet of regeneration (around neck)
 E - a +5 ring of evasion (left hand)
 J - a ring of wizardry (right hand)
 L - a ring of protection from fire
Wands
 a - a wand of flame (19)
 d - a wand of digging (13)
 j - a wand of paralysis (11)
 p - a wand of mindburst (22)
 F - a wand of quicksilver (9)
Scrolls
 c - 11 scrolls of teleportation
 e - 3 scrolls of silence
 l - 2 scrolls of brand weapon
 o - 4 scrolls of blinking
 t - 2 scrolls of magic mapping
 z - 2 scrolls of butterflies
 B - 3 scrolls of amnesia
 K - 14 scrolls of identify
 N - a scroll of torment
 O - 2 scrolls of fear
 P - 2 scrolls of fog
Potions
 b - 3 potions of magic
 g - 6 potions of flight
 i - 2 potions of resistance
 m - 4 potions of brilliance
 n - a potion of might
 u - 5 potions of curing
 v - 2 potions of ambrosia
 x - 2 potions of haste
 A - 2 potions of attraction
 C - a potion of cancellation
 M - 4 potions of mutation


   Skills:
 * Level 6.7 Fighting
 + Level 8.0 Short Blades
 + Level 7.7 Dodging
 + Level 6.0 Stealth
 + Level 22.3 Spellcasting
 + Level 9.1 Conjurations
 + Level 1.0 Hexes
 + Level 4.8 Summonings
 + Level 7.8 Necromancy
 + Level 2.5 Translocations
 + Level 2.0 Fire Magic
 + Level 16.8 Ice Magic
 + Level 1.4 Air Magic
 * Level 5.5 Earth Magic
 + Level 7.1 Invocations


You had 9 spell levels left.
You knew the following spells:

 Your Spells              Type           Power      Damage    Failure   Level
a - Freeze                Ice            100%       1d10      0%          1
b - Frozen Ramparts       Ice            100%       1d16      0%          3
c - Ozocubu's Armour      Ice            88%        N/A       0%          3
d - Summon Ice Beast      Ice/Summ       73%        N/A       1%          4
e - Hailstorm             Conj/Ice       79%        3d16      0%          3
f - Freezing Cloud        Conj/Ice/Air   34%        6-21      1%          5
g - Iskenderun's Mystic   Conj/Tloc      57%        2d12      1%          4
h - Dispel Undead         Necr           64%        3d22      1%          4
i - Metabolic Englaciati  Hex/Ice        34%        N/A       1%          5
j - Ensorcelled Hibernat  Hex/Ice        100%       N/A       1%          2
k - Simulacrum            Ice/Necr       38%        N/A       1%          6
l - Ice Form              Ice/Tmut       66%        N/A       1%          4
m - Iron Shot             Conj/Erth      31%        9d6       4%          6

Your spell library contained the following spells:

 Spells                   Type           Power      Damage    Failure   Level
 Apportation              Tloc           88%        N/A       1%          1
 Summon Small Mammal      Summ           100%       N/A       1%          1
 Cigotuvi's Dreadful Rot  Necr/Pois/Air  92%        N/A       1%          2
 Poisonous Vapours        Pois/Air       66%        N/A       1%          2
 Sublimation of Blood     Necr           64%        N/A       1%          2
 Call Canine Familiar     Summ           54%        N/A       1%          3
 Dazzling Flash           Conj/Hex       100%       N/A       1%          3
 Inner Flame              Hex/Fire       38%        N/A       1%          3
 Mephitic Cloud           Conj/Pois/Air  49%        N/A       1%          3
 Summon Guardian Golem    Hex/Summ       45%        N/A       1%          3
 Volatile Blastmotes      Fire/Tloc      84%        2d17      1%          3
 Anguish                  Hex/Necr       26%        N/A       1%          4
 Animate Dead             Necr           64%        N/A       1%          4
 Fulminant Prism          Conj/Hex       27%        3d14      1%          4
 Manifold Assault         Tloc           44%        N/A       1%          4
 Petrify                  Tmut/Erth      45%        N/A       1%          4
 Summon Lightning Spire   Summ/Air       46%        N/A       1%          4
 Agony                    Necr           64%        N/A       1%          5
 Borgnjor's Vile Clutch   Necr/Erth      30%        N/A       1%          5
 Ozocubu's Refrigeration  Ice            44%        4d17      1%          7
 Death Channel            Necr           32%        N/A       3%          6
 Starburst                Conj/Fire      28%        6d9       8%          6
 Silence                  Hex/Air        18%        N/A       9%          5
 Conjure Ball Lightning   Conj/Air       27%        3x3d8     9%          6
 Alistair's Intoxication  Tmut/Pois      20%        N/A       14%         5
 Statue Form              Tmut/Erth      30%        N/A       24%         6
 Spellforged Servitor     Conj/Summ      30%        N/A       24%         7
 Dispersal                Tloc           22%        N/A       26%         6
 Haunt                    Necr/Summ      29%        N/A       28%         7
 Polar Vortex             Ice            44%        N/A       43%         9
 Monstrous Menagerie      Summ           27%        N/A       47%         7
 Summon Hydra             Summ           27%        N/A       47%         7
 Eringya's Noxious Bog    Tmut/Pois      15%        N/A       56%         6
 Infestation              Necr           32%        N/A       75%         8
 Summon Horrible Things   Summ           27%        N/A       98%         8
 Discord                  Hex            17%        N/A       100%        8
 Disjunction              Tloc           22%        N/A       100%        8
 Death's Door             Necr           32%        N/A       100%        9
 Dragon's Call            Summ           27%        N/A       100%        9


Dungeon Overview and Level Annotations

Branches:
Dungeon (14/15)            Temple (1/1) D:6            Lair (5/5) D:8
 Shoals (0/4) Lair:2        Snake (4/4) Lair:3        Slime (0/5) Lair:4
    Orc (2/2) D:10            Elf (0/3) Orc:2        Vaults (0/5) D:14
  IceCv (1/1)

Altars:
Ashenzari
Cheibriados
Dithmenos
Elyvilon
Fedhas
Gozag
Hepliaklqana
Kikubaaqudgha
Makhleb
Nemelex Xobeh
Okawaru
Qazlal
Ru
Sif Muna
Trog
Uskayaw
Vehumet
Wu Jian
Xom
Yredelemnul
Zin
The Shining One
Jiyva

Shops:
D:5 *   Orc:2 ([=   Snake:2 **:

Annotations:
D:3 exclusion: oklob plant
Lair:4 1 runed translucent door, exclusion: oklob plant IceCv exclusion: orange crystal statue


Innate Abilities, Weirdness & Mutations

You are clumsy. (Dex -2)
Your flesh is heat resistant. (rF+)
You are somewhat resistant to further mutation.


Message History

You closely miss the quicksilver ooze.
You hit the quicksilver ooze but do no damage.
Your lungs strain for air!
The quicksilver ooze completely misses you.
The quicksilver ooze hits you but does no damage.
The very large slime creature attacks as you move away!
The very large slime creature hits you!!!
Ouch! That really hurt!
* * * LOW HITPOINT WARNING * * *
The slime creature attacks as you move away!
The slime creature barely misses you.
* * * LOW HITPOINT WARNING * * *
Your lungs strain for air!
The quicksilver ooze misses you.
The quicksilver ooze completely misses you.
You cannot read scrolls while unable to breathe!
You feel much better.
* * * LOW HITPOINT WARNING * * *
Your lungs strain for air!
The quicksilver ooze hits you!
* * * LOW HITPOINT WARNING * * *
The quicksilver ooze completely misses you.
The very large slime creature barely misses you.
The slime creature completely misses you.
The quicksilver ooze completely misses you.
The quicksilver ooze barely misses you.
Okay, then.
Unknown command.
You cannot call out to Sif Muna while unable to breathe.
Unknown command.
Unknown command.
Unknown command.
Unknown command.
Unknown command.
Okay, then.
Unknown command.
Unknown command.
Unknown command.
You feel yourself speed up.
You die...

#..###..##..##.##
##..# ##..#...#..#
#..## #..##..#...
#..# ##..##..#..#
#..# #...#..##.##
#..####..##..#..#
#..##....#..##..#
##.......##..##.##
#.@.##...#[..#..#
##JJJ##..##..##..#
#..J.##..##.##..##
#....##..##.#...#
#...###...#....##
#.JJZ...##
#.......##
#.......#
#.......#
##..ยง...#
##......# #.....##
#.....##


You could see a very large slime creature (summoned), 2 slime creatures and a
quicksilver ooze (summoned).

Vanquished Creatures
  A nagaraja (Snake:3)
  Louise (D:14)
  2 quicksilver oozes (IceCv)
  3 vault guards (D:14)
  4 hydras
  5 centaur warriors
  A salamander tyrant (Snake:2)
  An ogre mage (Orc:1)
  4 anacondas
  A catoblepas (D:9)
  4 boulder beetles
  The ghost of Peloso the Carver, a novice MiFi of Okawaru (D:9)
  3 tengu warriors
  13 naga warriors
  8 two-headed ogres
  4 orc high priests (Orc:2)
  A naga sharpshooter (Snake:4)
  5 shock serpents
  2 skysharks (Lair:5)
  Nergalle (Orc:2)
  5 skeletal warriors (D:14)
  A goliath frog (Lair:5)
  8 sea snakes (Snake:2)
  3 naga ritualists
  8 wizards (D:14)
  An orange crystal statue (IceCv)
  3 harpies (Lair:2)
  A deep elf pyromancer (D:14)
  An orc sorcerer (Orc:2)
  4 cyclopes
  An ugly thing (D:11)
  10 salamanders
  3 manticores (D:14)
  2 mana vipers (Snake:3)
  An elephant (Lair:5)
  A guardian serpent (shapeshifter) (D:14)
  8 naga magi
  4 gargoyles
  25 black mambas
  4 guardian serpents
  18 cane toads
  A torpor snail (Lair:4)
  The ghost of aeroqp the Destroyer, a novice VSCj (D:5)
  4 unseen horrors
  A rime drake (Lair:1)
  8 komodo dragons
  3 kobold demonologists (D:12)
  2 tengu conjurers
  2 freezing wraiths (D:13)
  A troll (shapeshifter) (D:13)
  4 trolls
  2 polar bears
  2 hornets (D:9)
  29 blink frogs
  15 slime creatures
  A shadow (D:11)
  A centaur simulacrum (D:14)
  2 vampires
  57 yaks
  7 basilisks
  2 wraiths (D:13)
  2 wyverns
  A human (Lair:4)
  11 vampire mosquitoes
  A steam dragon (D:9)
  8 wargs
  25 nagas
  2 acid dragons
  15 water moccasins
  19 orc warriors
  2 sky beasts
  2 black bears
  5 great orb of eyes simulacra (IceCv)
  10 ogres
  4 wolves (Lair:1)
  9 centaurs
  5 slime creature simulacra (IceCv)
  4 kobold brigands
  3 phantoms
  A gnoll sergeant (D:7)
  17 bullfrogs
  5 glowing shapeshifter simulacra (IceCv)
  2 scorpions
  10 wights
  4 killer bees (D:7)
  2 howler monkeys
  2 jellies (D:5)
  5 electric eels
  4 gnoll boudas
  2 hounds
  18 orc priests
  26 orc wizards
  2 iguanas
  20 gnolls
  8 adders
  2 white imps
  2 ufetubi
  A dart slug (D:3)
  59 orcs
  8 endoplasms
  6 giant cockroaches
  7 goblins
  12 hobgoblins
  3 jackals (D:1)
  4 quokkas
  7 ball pythons
  5 bats
  5 frilled lizards
  20 kobolds
  5 rats
724 creatures vanquished.

Vanquished Creatures (collateral kills)
  Erolcha (D:13)
  A vault guard (D:14)
  An orc knight (D:10)
  An orc sorcerer (Orc:2)
  A black mamba (Lair:1)
  A cane toad (Lair:1)
  2 rime drakes
  A komodo dragon (Lair:5)
  A tengu conjurer (D:14)
  A polar bear (Lair:1)
  A tyrant leech (Lair:5)
  Eustachio (D:6)
  7 yaks
  A warg (Orc:1)
  3 orc warriors
  3 ogres (Orc:1)
  5 wights
  A killer bee (D:7)
  2 orc priests (Orc:2)
  An orc wizard (Orc:2)
  4 gnolls
  A white imp (D:6)
41 creatures vanquished.

Grand Total: 765 creatures vanquished

Notes
Turn   | Place    | Note
-------+----------+-------------------------------------------
     0 | D:1      | HagarQim the Deep Elf Ice Elementalist began the quest for
                  | the Orb.
     0 | D:1      | Reached XP level 1. HP: 10/10 MP: 6/6
   203 | D:1      | Reached XP level 2. HP: 15/15 MP: 1/8
   337 | D:1      | Reached skill level 5 in Ice Magic
   799 | D:1      | Reached XP level 3. HP: 19/19 MP: 10/10
  1010 | D:1      | Learned a level 3 spell: Frozen Ramparts
  1014 | D:1      | Learned a level 3 spell: Ozocubu's Armour
  1708 | D:2      | Reached skill level 4 in Spellcasting
  1768 | D:3      | Found a faded altar of an unknown god.
  1908 | D:3      | Reached XP level 4. HP: 24/24 MP: 4/12
  2558 | D:3      | Found a blossoming altar of Fedhas.
  2579 | D:3      | Noticed an oklob plant
  3066 | D:3      | Reached XP level 5. HP: 25/28 MP: 11/14
  3143 | D:3      | Found a burning altar of Makhleb.
  3181 | D:3      | Found a sacrificial altar of Ru.
  3562 | D:4      | Reached skill level 5 in Spellcasting
  3586 | D:4      | Noticed an ogre
  3601 | D:4      | Killed an ogre
  3693 | D:4      | Reached XP level 6. HP: 32/32 MP: 7/16
  3702 | D:4      | Reached skill level 6 in Spellcasting
  4450 | D:5      | Entered Level 5 of the Dungeon
  4467 | D:5      | Found a glowing golden altar of the Shining One.
  4520 | D:5      | Reached skill level 7 in Spellcasting
  4714 | D:5      | Reached XP level 7. HP: 24/36 MP: 3/19
  4818 | D:5      | Found a large runed translucent door.
  4819 | D:5      | Found a large runed translucent door.
  5099 | D:5      | Reached skill level 1 in Summonings
  5218 | D:5      | Found a runed translucent gate.
  5219 | D:5      | Found a runed translucent gate.
  5219 | D:5      | Found a runed translucent gate.
  5219 | D:5      | Noticed aeroqp's ghost (novice VSCj)
  5530 | D:5      | Found a bloodstained altar of Trog.
  5538 | D:5      | Noticed a yak
  5573 | D:5      | Noticed a yak
  5585 | D:5      | Noticed a yak
  5585 | D:5      | Noticed a yak
  5585 | D:5      | Noticed a yak
  5648 | D:5      | Killed a yak
  5649 | D:5      | Reached skill level 8 in Spellcasting
  5702 | D:5      | Learned a level 4 spell: Summon Ice Beast
  5744 | D:5      | Killed a yak
  5745 | D:5      | Reached XP level 8. HP: 42/42 MP: 11/22
  5748 | D:5      | Reached skill level 9 in Spellcasting
  5888 | D:5      | Reached skill level 10 in Spellcasting
  6019 | D:5      | Found Eczoid's Serpentskin Sales.
  6407 | D:5      | Found a hazy altar of Hepliaklqana.
  6470 | D:5      | Found an iron altar of Okawaru.
  6679 | D:6      | Reached XP level 9. HP: 46/46 MP: 16/25
  7105 | D:6      | Reached skill level 11 in Spellcasting
  7511 | D:6      | Noticed Eustachio
  7520 | D:6      | Reached skill level 1 in Short Blades
  7537 | D:6      | Killed Eustachio
  7682 | D:6      | Found a staircase to the Ecumenical Temple.
  7695 | Temple   | Entered the Ecumenical Temple
  7695 | Temple   | Found a transporter.
  7695 | Temple   | Found a transporter.
  7697 | Temple   | Found a transporter.
  7697 | Temple   | Found a transporter.
  7809 | Temple   | Became a worshipper of Sif Muna the Loreminder
  8311 | D:7      | Reached skill level 12 in Spellcasting
  8314 | D:7      | Reached skill level 1 in Invocations
  8512 | D:7      | Reached skill level 10 in Ice Magic
  8533 | D:7      | Learned a level 3 spell: Hailstorm
  8790 | D:7      | You fall into a shaft and drop 2 floors!
  8965 | D:8      | Found an opulent altar of Gozag.
  9055 | D:8      | Noticed a komodo dragon
  9063 | D:8      | Killed a komodo dragon
  9113 | D:8      | Found a staircase to the Lair.
  9196 | D:8      | Gained mutation: Your flesh is heat resistant. (rF+)
                  | [potion of mutation]
  9196 | D:8      | Gained mutation: You are clumsy. (Dex -2) [potion of
                  | mutation]
  9196 | D:8      | Gained mutation: You are somewhat resistant to further
                  | mutation. [potion of mutation]
  9479 | D:7      | Reached XP level 10. HP: 51/51 MP: 20/28
  9786 | D:8      | Reached * piety under Sif Muna
 10012 | D:8      | Found a sparkling altar of Nemelex Xobeh.
 10355 | D:9      | Reached skill level 13 in Spellcasting
 10355 | D:9      | Reached skill level 1 in Conjurations
 10432 | D:9      | Found a white marble altar of Elyvilon.
 10738 | D:9      | Found an ornate altar of the Wu Jian Council.
 10846 | D:9      | Noticed Peloso's ghost (novice MiFi)
 11135 | D:9      | Noticed a catoblepas
 11138 | D:9      | Found a runed translucent gate.
 11139 | D:9      | Found a runed translucent gate.
 11140 | D:9      | Found a runed translucent gate.
 11163 | D:9      | Noticed a two-headed ogre
 11174 | D:9      | Killed a two-headed ogre
 11268 | D:9      | Noticed a two-headed ogre
 11278 | D:9      | Killed a two-headed ogre
 11279 | D:9      | Reached skill level 1 in Air Magic
 11498 | D:8      | Reached skill level 14 in Spellcasting
 11542 | D:8      | Learned a level 5 spell: Freezing Cloud
 11547 | D:8      | Learned a level 4 spell: Iskenderun's Mystic Blast
 11552 | D:8      | Learned a level 4 spell: Dispel Undead
 11609 | D:8      | Reached skill level 1 in Necromancy
 11800 | D:10     | Entered Level 10 of the Dungeon
 11972 | D:10     | Noticed a two-headed ogre
 11978 | D:10     | Killed a two-headed ogre
 11979 | D:10     | Reached XP level 11. HP: 55/55 MP: 18/31
 12006 | D:10     | Reached skill level 5 in Dodging
 12166 | D:10     | Found a staircase to the Orcish Mines.
 12199 | D:10     | Reached ** piety under Sif Muna
 12388 | D:10     | Reached skill level 5 in Stealth
 12631 | D:10     | Noticed a two-headed ogre
 12661 | D:9      | Killed a two-headed ogre
 12662 | D:9      | Reached skill level 1 in Translocations
 12949 | Orc:1    | Entered Level 1 of the Orcish Mines
 12949 | Orc:1    | Noticed an orc knight
 12959 | Orc:1    | Reached skill level 15 in Spellcasting
 12991 | D:10     | Killed an orc knight
 13168 | Lair:1   | Entered Level 1 of the Lair of Beasts
 13523 | Lair:1   | Reached skill level 1 in Fighting
 13911 | Lair:1   | Reached skill level 16 in Spellcasting
 14510 | Lair:2   | Reached *** piety under Sif Muna
 14573 | Lair:2   | Reached XP level 12. HP: 28/60 MP: 25/34
 14619 | Lair:2   | Found a staircase to the Shoals.
 15061 | Lair:2   | Reached skill level 5 in Invocations
 15612 | Lair:2   | Learned a level 5 spell: Metabolic Englaciation
 16035 | Lair:3   | Noticed a seven-headed hydra
 16041 | Lair:3   | Killed a seven-headed hydra
 16042 | Lair:3   | Reached skill level 17 in Spellcasting
 16803 | Lair:3   | Found a staircase to the Snake Pit.
 17323 | Lair:4   | Reached skill level 5 in Conjurations
 17634 | Lair:4   | Noticed a six-headed hydra
 17657 | Lair:4   | Found a runed translucent door.
 17657 | Lair:4   | Noticed a reaper
 17735 | Lair:4   | Reached **** piety under Sif Muna
 17736 | Lair:4   | Reached XP level 13. HP: 64/64 MP: 10/36
 17886 | Lair:4   | Reached skill level 18 in Spellcasting
 18331 | Lair:4   | Found a viscous altar of Jiyva.
 18332 | Lair:4   | Found a staircase to the Slime Pits.
 19452 | Orc:2    | Entered Level 2 of the Orcish Mines
 19932 | Orc:2    | Reached skill level 1 in Fire Magic
 20717 | Orc:2    | Found a staircase to the Elven Halls.
 20733 | Orc:2    | Reached ***** piety under Sif Muna
 20754 | Orc:2    | Reached skill level 19 in Spellcasting
 21448 | Orc:2    | Found Diczuqocuf's Jewellery Emporium.
 21448 | Orc:2    | Found Cetemuol's Antique Armour Emporium.
 21451 | Orc:2    | Found Yxzar's Book Shoppe.
 21456 | Orc:2    | Found Binielemp's Weapon Shoppe.
 21659 | Orc:1    | Noticed Nergalle
 22077 | Orc:2    | Killed Nergalle
 22257 | Orc:1    | Received a gift from Sif Muna
 22291 | Orc:1    | Got Laut's Grimoire of Grisly Bad Luck {god gift}
 22295 | Orc:1    | Learned a level 2 spell: Ensorcelled Hibernation
 22474 | Orc:2    | Bought the +12 pair of quick blades "Gyre" and "Gimble"
                  | {protect} for 1275 gold pieces
 22474 | Orc:2    | Found the +12 pair of quick blades "Gyre" and "Gimble"
                  | {protect}
 23150 | D:11     | Reached skill level 5 in Necromancy
 23174 | D:11     | Reached XP level 14. HP: 30/74 MP: 14/39
 23453 | D:11     | Found the +6 shillelagh "Devastator" {shatter}
 23477 | D:11     | Identified the +0 ring mail of Zin {Stlth+}
 24177 | D:12     | Reached skill level 15 in Ice Magic
 24766 | D:13     | Learned a level 6 spell: Simulacrum
 25234 | D:13     | Identified the +2 robe of the Shining One's Envy {Rampage
                  | rCorr Dex+2}
 25357 | D:13     | Noticed Erolcha
 25424 | D:13     | Killed Erolcha
 26327 | D:5      | Killed aeroqp's ghost
 26496 | D:9      | Killed Peloso's ghost
 26854 | Lair:5   | Entered Level 5 of the Lair of Beasts
 27172 | Lair:5   | Received a gift from Sif Muna
 27173 | Lair:5   | Got Sif Muna's Monograph on Bolts {god gift}
 27356 | Lair:5   | Reached skill level 5 in Short Blades
 27680 | Lair:5   | Reached skill level 20 in Spellcasting
 28604 | Lair:5   | Identified the staff of air "Japicig" {rElec rC- rN++ Dex+3
                  | Stlth+}
 29542 | D:14     | Noticed Louise
 29559 | D:14     | Killed Louise
 29560 | D:14     | Reached XP level 15. HP: 45/80 MP: 5/41
 30285 | D:14     | Found a gate to the Vaults.
 30349 | D:14     | Reached skill level 1 in Earth Magic
 30423 | D:14     | Learned a level 4 spell: Ice Form
 30430 | D:14     | Learned a level 6 spell: Iron Shot
 30530 | D:14     | Received a gift from Sif Muna
 30687 | D:14     | Found the +3 warlock's mirror {omnireflect}
 30942 | D:14     | Reached skill level 5 in Fighting
 31064 | D:14     | Found an opulent altar of Gozag.
 31551 | Snake:1  | Entered Level 1 of the Snake Pit
 32038 | Snake:1  | Reached skill level 21 in Spellcasting
 32316 | Snake:1  | Identified the +1 mace of Eternal Harmony {vamp, Dex+4
                  | SInv}
 33132 | Snake:2  | Found Tauwk's Book Shoppe.
 33141 | Snake:2  | Found Zerchero's General Store.
 33141 | Snake:2  | Found Qiuste's General Store.
 33214 | Snake:2  | Found a flickering gateway to a bazaar.
 33222 | Bazaar   | Entered a bazaar
 33401 | Bazaar   | Found Bosk's Book Shop.
 33401 | Bazaar   | Found Duig's Jewellery Boutique.
 34132 | Snake:2  | Received a gift from Sif Muna
 34133 | Snake:2  | Got Sif Muna's Discursus on the Creeping Escort {god gift}
 34473 | Snake:2  | Reached XP level 16. HP: 85/88 MP: 37/43
 35090 | Snake:3  | Identified the +4 trident "Babuxe" {heavy, *Noise Str+5
                  | Dex+4}
 35842 | Snake:3  | Reached skill level 1 in Hexes
 35990 | Snake:4  | Entered Level 4 of the Snake Pit
 36002 | Snake:4  | Reached skill level 22 in Spellcasting
 36002 | Snake:4  | Reached skill level 5 in Earth Magic
 36340 | Snake:4  | Found an iron altar of Okawaru.
 36369 | Snake:4  | Found a frozen archway.
 36379 | IceCv    | Entered an ice cave
 37065 | IceCv    | Received a gift from Sif Muna
 37068 | IceCv    | Got Sif Muna's Anthology of the Union {god gift}
 37272 | IceCv    | HP: 4/90 [quicksilver ooze[an orange crystal statue] (11)]
 37273 | IceCv    | Drowned by a quicksilver ooze

Illustrated notes

Levels and vault maps discovered:
D:1:      minmay_arrival_widening_spiral_wide, layout_basic,
          nicolae_concentric_dashed_squares_mild, minmay_worlds_worst_comb
D:2:      layout_rooms
D:3:      layout_basic, overflow_temple_1_default, tgw_fedhas,
          nicolae_ru_sacrificial_ziggurat, ebering_ecumenical_altar_webs,
          grunt_decor_resistance, kennysheep_generic_room_10
D:4:      layout_cave_pools, minmay_quantized
D:5:      layout_loops_corners, nicolae_tso_swordbearing_angel,
          mainiacjoe_overflow_boulevard, jmf_multi_god_temple2,
          ebering_ghost_rock_garden, hangedman_glass_teeth,
          chequers_serial_rivers_small_b, guppyfry_shop_venom
D:6:      layout_cave_pods, minmay_temple_entry_large_hall, uniq_eustachio
D:7:      layout_loops_ring
D:8:      layout_basic, overflow_temple_1_default,
          nemelex_xobeh_ov_fountains_minmay, david_lair_shrubbed,
          grunt_ministairs_8
D:9:      layout_basic, pdpol_wu_jian_five_deadly_venoms, kennysheep_mini,
          gammafunk_ghost_split, st_stairs_9, minmay_misc_feat_more_columns
D:10:     layout_gridville, david_orc_3, hex_medium
D:11:     layout_long_grid, serial_bayou_pond_e, dilly_guarded_unrand_devastator
D:12:     layout_rooms
D:13:     layout_cave_pods, uniq_erolcha
D:14:     minmay_smoke_and_mirrors, layout_small_grid,
          lightli_vaults_fourway_checkpoint,
          nicolae_gozag_cash_rules_everything_around_me, nrook_campfire,
          uniq_louise
Temple:   hellmonk_temple_divided_pantheon
Lair:1:   layout_cellular_growth
Lair:2:   layout_layer_cave, nicolae_shoals_entry_roost
Lair:3:   layout_layer_cave, guppyfry_snake_entry_island,
          infiniplex_staircase_pool_2
Lair:4:   layout_cave_shapes, minmay_slime_entry_oklob_open,
          pdpol_lair_cabin_in_the_woods, grunt_megastairs_3
Lair:5:   minmay_lair_end_frog_pond, layout_regular_city,
          pdpol_lair_neglected_garden, st_stairs_11
Snake:1:  layout_grid_maze, nicolae_snake_flat_spine, serial_bayou_shore_b
Snake:2:  layout_basic, serial_shops, bzr_in_the_mist,
          nicolae_shop_tiny_waterfront, minmay_shoptagon
Snake:3:  layout_concentric_octagons, special_room
Snake:4:  snake_hunt, layout_cave_town, basic_altar,
          portal_ice_cave_entry_pillars_four, grunt_megastairs_1
Orc:1:    layout_caves, uniq_nergalle
Orc:2:    st_orc_mages, layout_caves, basic_altar, special_room,
          hellmonk_bongcloud_opening, nooodl_orcs_dogs
IceCv:    ice_cave_hellmonk_azure_passage

Skill      XL: |  1  2  3  4  5  6  7  8  9 10 11 12 13 14 15 16 |
---------------+-------------------------------------------------+-----
Ice Magic      | 5 6 7 9 10 11 13 14 15 16 | 16.8
Spellcasting   | 4 5 7 8 10 12 14 16 17 19 20 21 22 | 22.3
Stealth        | 3 4 5 6 |  6.0
Dodging        | 3 4 5 6 7 |  7.7
Summonings     | 2 3 4 |  4.8
Short Blades   | 1 2 3 6 7 8 |  8.0
Invocations    | 2 3 4 6 7 |  7.1
Conjurations   | 3 5 7 8 9 |  9.1
Air Magic      | 1 |  1.4
Necromancy     | 2 3 5 7 |  7.8
Translocations | 2 |  2.5
Fighting       | 1 3 4 6 |  6.7
Fire Magic     | 2 |  2.0
Earth Magic    | 3 5 |  5.5
Hexes          | 1 |  1.0

Action                     |  1- 3 |  4- 6 |  7- 9 | 10-12 | 13-15 | 16-18 || total
---------------------------+-------+-------+-------+-------+-------+-------++-------
  Melee: Dagger            |    12 |    44 |    55 |   136 |     8 |       ||   255
         Pair of quick bla |       |       |       |       |   577 |    87 ||   664
         Unarmed           |       |       |       |       |     4 |       ||     4
   Cast: Freeze            |    47 |    78 |    45 |   137 |   115 |     6 ||   428
         Frozen Ramparts   |     2 |     9 |    38 |    83 |   153 |    17 ||   302
         Ozocubu's Armour  |     1 |     9 |    20 |    54 |   142 |    19 ||   245
         Summon Ice Beast  |       |       |     8 |    29 |    29 |       ||    66
         Hailstorm         |       |       |       |    15 |   114 |    15 ||   144
         Dispel Undead     |       |       |       |     7 |    12 |       ||    19
         Freezing Cloud    |       |       |       |    17 |    66 |    11 ||    94
         Iskenderun's Myst |       |       |       |       |     3 |     8 ||    11
         Metabolic Englaci |       |       |       |       |     5 |     1 ||     6
         Simulacrum        |       |       |       |       |     3 |       ||     3
         Ensorcelled Hiber |       |       |       |       |     3 |       ||     3
         Ice Form          |       |       |       |       |     2 |       ||     2
         Iron Shot         |       |       |       |       |       |    32 ||    32
 Invoke: Channel Magic     |       |       |       |     1 |       |     1 ||     2
  Evoke: Wand              |       |       |       |       |     1 |       ||     1
    Use: Scroll            |     7 |     5 |    10 |     7 |     4 |     2 ||    35
         Potion            |       |     1 |     7 |     2 |     1 |     5 ||    16
   Stab: Distracted        |     1 |       |     1 |       |       |       ||     2
         Sleeping          |     4 |     2 |     2 |     9 |     7 |     2 ||    26
 Armour: Robe              |    12 |    31 |    35 |   141 |   249 |    28 ||   496
  Dodge: Dodged            |    25 |    55 |    54 |   323 |   541 |    72 ||  1070
